 Dungeon Crawl Stone Soup version 0.27.0-1-g7a089689b8 (webtiles) character file.

Game seed: 10464851725215376459

696 EnegeticOcto the Chopper (level 7, -7/54 (61) HPs)
             Began as a Minotaur Fighter on Aug 5, 2021.
             Was an Initiate of Gozag.
             Mangled by a wight (10 damage)
             ... on level 6 of the Dungeon.
             The game lasted 00:01:31 (4046 turns).

EnegeticOcto the Chopper (Minotaur Fighter)         Turns: 4046, Time: 00:01:32

HP:   -7/54 (61)    AC:  8    Str: 22    XL:     7   Next: 37%
MP:   6/6           EV:  8    Int:  5    God:    Gozag
Gold: 281           SH: 10    Dex: 10    Spells: 6/6 levels left

rFire    . . .     SeeInvis .   a - +0 war axe
rCold    . . .     Faith    .   c - +0 kite shield
rNeg     + . .     Spirit   .   b - +0 scale mail
rPois    .         Reflect  .   (helmet restricted)
rElec    .         Harm     .   (no cloak)
rCorr    .         Rampage  .   (no gloves)
Will     .....                  p - +0 pair of boots of Wuyssoegh {rN+}
Stlth    ..........             (no amulet)
HPRegen  0.18/turn              (no ring)
MPRegen  0.10/turn              (no ring)

@: gold aura, heavily drained
A: horns 2, retaliatory headbutt
a: Renounce Religion, Potion Petition, Call Merchant, Bribe Branch


You were on level 6 of the Dungeon.
You worshipped Gozag.
Gozag was aware of your devotion.
You visited 1 branch of the dungeon, and saw 5 of its levels.

You collected 695 gold pieces.
You paid 414 gold pieces to Gozag.

Inventory:

Hand Weapons
 a - a +0 war axe (weapon)
Armour
 b - a +0 scale mail (worn)
 c - a +0 kite shield (worn)
 p - the +0 pair of boots of Wuyssoegh (worn) {rN+}
   (You found it on level 4 of the Dungeon)

   rN:        It protects you from negative energy.
Jewellery
 e - a +4 ring of slaying
Scrolls
 f - a scroll of teleportation {unknown}
 g - 5 scrolls of identify {unknown}
 h - a scroll of summoning {unknown}
 i - a scroll of fear {unknown}
 k - a scroll of amnesia {unknown}
 m - 2 scrolls of vulnerability {unknown}
 n - a scroll of acquirement {unknown}
 o - 2 scrolls of enchant weapon {unknown}
 r - a scroll of torment {unknown}
 s - 2 scrolls of fog {unknown}
 t - a scroll of immolation {unknown}
Potions
 d - 2 potions of might {@q3}
 j - 3 potions of curing {@q1}
 l - a potion of cancellation {unknown}
 q - 2 potions of heal wounds {unknown}
 u - a potion of degeneration {unknown}


   Skills:
 + Level 5.6 Fighting
 * Level 6.6 Axes
 + Level 5.6 Armour
 + Level 5.6 Shields


You had 6 spell levels left.
You didn't know any spells.
Your spell library was empty.

Dungeon Overview and Level Annotations

Branches:
Dungeon (4/15)             Temple (0/1) D:6

Altars:
Gozag
Makhleb
Yredelemnul

Annotations:
D:6 1 runed translucent door


Innate Abilities, Weirdness & Mutations

You have a pair of horns on your head.
You reflexively headbutt those who attack you in melee.


Message History

You barely miss the ufetubus. Your headbutt misses the ufetubus.
The ufetubus hits you but does no damage.
You block the ufetubus's attack.
The ufetubus hits you but does no damage.
The ufetubus hits you.
Your shield and scale mail prevent you from hitting the ufetubus.
The ufetubus hits you but does no damage.
The ufetubus completely misses you. You block the ufetubus's attack. x2
The ufetubus hits you but does no damage.
You block the ufetubus's attack.
You closely miss the ufetubus. You headbutt the ufetubus.
You kill the ufetubus!
No target in view!
No target in view!
No target in view!
No target in view!
No target in view!
You now have 281 gold pieces (gained 7).
u - a smoky golden potion
s - 2 scrolls labelled WUFYSI FUKEA (gained 1)
A wight comes into view. It is wielding a +3 long sword.
A wight is nearby!
A wight is nearby!
A wight is nearby!
A wight is nearby!
A wight is nearby! 2 wights come into view.
The wight moves out of view.
A wight comes into view. It is wielding a +5 scimitar.
The wight hits you with a +3 long sword!
You barely miss the wight. Your headbutt misses the wight.
You completely miss the wight.
The wight hits you with a +3 long sword.
You partially resist.
You feel drained. You block the wight's attack.
You slash the wight! Your headbutt misses the wight.
The wight is severely damaged.
You hit the wight but do no damage. The wight barely misses you.
You slash the wight!
You destroy the wight!
You closely miss the wight. You hit the wight but do no damage. x2
The wight is distracted by your dazzling golden aura.
The wight hits you but does no damage. You block the wight's attack.
Your life force feels restored.
You hit the wight.
The wight is no longer distracted by gold.
The wight is moderately damaged.
You hit the wight. You barely miss the wight. You block the wight's attack.
The wight hits you with a +5 scimitar. You partially resist.
You feel drained.
The wight is distracted by your dazzling golden aura.
The wight hits you with a +2 short sword!
You partially resist.
You feel drained. The wight hits you with a +5 scimitar. You partially resist.
You feel drained.
You closely miss the wight.
The wight is no longer distracted by gold.
Your headbutt misses the wight.
The wight is moderately damaged.
You hit the wight. x2; You block the wight's attack.
The wight hits you with a +2 short sword.
You partially resist.
You feel drained. You block the wight's attack.
You slash the wight!
You destroy the wight!
You hit the wight but do no damage. You hit the wight.
The wight hits you with a +3 long sword.
You partially resist.
You feel drained. The wight closely misses you.
The wight hits you with a +3 long sword.
You partially resist.
You feel drained. You block the wight's attack.
You barely miss the wight.
The wight is moderately damaged.
You hit the wight but do no damage. You block the wight's attack.
The wight hits you with a +2 short sword!
* * * LOW HITPOINT WARNING * * *
You partially resist.
You feel drained.
You are too injured to fight recklessly!
You are too injured to fight recklessly!
You are too injured to fight recklessly!
You are too injured to fight recklessly!
You are too injured to fight recklessly!
You are too injured to fight recklessly!
You are too injured to fight recklessly!
You are too injured to fight recklessly!
You are too injured to fight recklessly!
You are too injured to fight recklessly!
You are too injured to fight recklessly!
You are too injured to fight recklessly!
Your shield prevents you from hitting the wight.
The wight is lightly damaged.
You hit the wight but do no damage.
The wight hits you with a +3 long sword.
* * * LOW HITPOINT WARNING * * *
You partially resist.
You feel drained.
The wight hits you with a +2 short sword.
* * * LOW HITPOINT WARNING * * *
The wight hits you with a +3 long sword!
* * * LOW HITPOINT WARNING * * *
You barely miss the wight. You headbutt the wight!
The wight is severely damaged.
You closely miss the wight. You block the wight's attack.
The wight hits you with a +3 long sword!
You die...
Your body crumbles into a pile of gold.

.#.# #.#..#.#.. ^.#
#.#....#.. #.#
#..#....## #.##
#.....>.))
#..####..##...)#
#########.......#..#....
..........#####....#.#..
...#....##### ##..#...##
......$@z...# #........
####..z$###.# #.##..###
##.... #.##.## #.....
#.##.# #...... #.##.#
######## #.##.# ..##.#
####.# ##### #.#


You could see 2 wights.

Vanquished Creatures
  An ice beast (D:4)
  A centaur (D:6)
  A wyvern skeleton (D:6)
  2 wights (D:6)
  A centaur skeleton (D:4)
  A human zombie (D:6)
  3 jellies (D:6)
  2 orc priests (D:6)
  An iguana (D:6)
  An orc wizard (D:6)
  3 adders (D:2)
  A gnoll (D:1)
  An ufetubus (D:6)
  A worm (D:2)
  2 dart slugs
  7 orcs
  5 bats
  9 endoplasms
  11 goblins
  2 hobgoblins
  3 jackals (D:2)
  10 kobolds
  7 quokkas
  5 ball pythons
  5 frilled lizards
  A goblin skeleton (D:6)
  3 rats
90 creatures vanquished.

Notes
Turn   | Place    | Note
-------+----------+-------------------------------------------
     0 | D:1      | EnegeticOcto the Minotaur Fighter began the quest for the
                  | Orb.
     0 | D:1      | Reached XP level 1. HP: 19/19 MP: 0/0
   299 | D:1      | Reached XP level 2. HP: 26/27 MP: 1/1
   360 | D:1      | Reached skill level 3 in Axes
   433 | D:1      | Found a faded altar of an unknown god.
   528 | D:1      | Became a worshipper of Gozag Ym Sagoz the Greedy
   820 | D:1      | Reached XP level 3. HP: 33/33 MP: 2/2
  1253 | D:2      | Reached XP level 4. HP: 17/40 MP: 3/3
  1929 | D:2      | Reached skill level 4 in Axes
  2569 | D:4      | Found a burning altar of Makhleb.
  2569 | D:4      | Identified the +0 pair of boots of Wuyssoegh {rN+}
  2665 | D:4      | Noticed an ice beast
  2680 | D:4      | Killed an ice beast
  2681 | D:4      | Reached XP level 5. HP: 8/47 MP: 4/4
  3173 | D:4      | You fall into a shaft and drop 2 floors!
  3173 | D:6      | Found a staircase to the Ecumenical Temple.
  3178 | D:6      | Reached skill level 5 in Axes
  3178 | D:6      | Reached XP level 6. HP: 14/55 MP: 5/5
  3188 | D:6      | Reached skill level 5 in Armour
  3188 | D:6      | Reached skill level 5 in Shields
  3189 | D:6      | Reached skill level 5 in Fighting
  3559 | D:6      | Found a runed translucent door.
  3559 | D:6      | Noticed a human
  3562 | D:6      | Found a basalt altar of Yredelemnul.
  3602 | D:6      | Reached skill level 6 in Axes
  3636 | D:6      | Reached XP level 7. HP: 17/61 MP: 6/6
  4046 | D:6      | Mangled by a wight

Illustrated notes

Levels and vault maps discovered:
D:1:      scummos_arrival_checkerplants, layout_basic,
          ebering_ecumenical_altar_sacrificial, minmay_tetromino_s4
D:2:      layout_rooms
D:3:      layout_rooms
D:4:      layout_gridville, amcnicky_altar_gilded, uniq_blork_the_orc
D:6:      layout_loops_ring, lemuel_tele_altar, lemuel_coloured_pillars_altar,
          dk_yredelemnul_ordeal, minmay_temple_entry_mini_moons,
          uniq_crazy_yiuf_cottage

Skill      XL: |  1  2  3  4  5  6 |
---------------+-------------------+-----
Axes           | 3 4 5 6 |  6.6
Armour         | 4 5 |  5.6
Shields        | 4 5 |  5.6
Fighting       | 4 5 |  5.6

Action                   |  1- 3 |  4- 6 |  7- 9 || total
-------------------------+-------+-------+-------++-------
Melee: War axe           |    80 |   111 |    20 ||   211
       Headbutt          |    11 |    18 |     2 ||    31
Invok: Potion Petition   |       |     1 |       ||     1
  Use: Potion            |       |     1 |       ||     1
Armor: Scale mail        |    37 |    48 |    13 ||    98
Dodge: Dodged            |    17 |    31 |     8 ||    56
Block: Kite shield       |    47 |    66 |    25 ||   138
